 Dungeon Crawl Stone Soup version 0.28-b1-1-g3c77fb2ed1 (webtiles) character file.

Game seed: 3126352922342319531

18092 zeram the Basher (level 12, -8/80 HPs)
             Began as a Gargoyle Fighter on Jan 29, 2022.
             Was an Initiate of Yredelemnul.
             Mangled by an orc warlord (55 damage)
             ... on level 1 of the Orcish Mines.
             The game lasted 00:29:01 (15353 turns).

zeram the Basher (Gargoyle Fighter)                Turns: 15353, Time: 00:29:02

Health: -8/80      AC: 29    Str: 26    XL:     12   Next: 54%
Magic:  12/12      EV:  6    Int:  8    God:    Yredelemnul [......]
Gold:   902        SH:  9    Dex:  6    Spells: 11/11 levels left

rFire   . . .      SeeInvis .   m - +6 whip
rCold   + . .      Faith    .   C - +0 kite shield
rNeg    + . .      Spirit   .   J - +0 plate armour {rC+}
rPois   ∞          Reflect  .   g - +0 helmet
rElec   +          Harm     .   (no cloak)
rCorr   .          Rampage  .   (no gloves)
Will    .....                   D - +2 pair of boots "Ahonos" {rElec Will- Regen+ Dex-3}
Stlth   ..........              I - amulet of regeneration
HPRegen 1.83/turn               v - ring of willpower
MPRegen 0.13/turn               (no ring)

@: no status effects
A: sickness immunity, AC +8, negative energy resistance 1, electricity
resistance, torment resistance 1, petrification resistance
a: Renounce Religion, Recall Undead Harvest


You were on level 1 of the Orcish Mines.
You worshipped Yredelemnul.
Yredelemnul was noncommittal.
You visited 3 branches of the dungeon, and saw 13 of its levels.
You also visited: Sewer.

You collected 1191 gold pieces.
You spent 289 gold pieces at shops.

Inventory:

Hand Weapons
 a - a +2 flail
 m - a +6 whip (weapon)
 r - a +1 vampiric spear
 G - the +3 war axe of Doic {flame, Int+7 Dex-5}
   (You bought it in a shop on level 9 of the Dungeon)

   It burns those it strikes, dealing additional fire damage.
   Big, fiery blades are also staple armaments of hydra-hunters.
   Int:       It affects your intelligence (+7).
   Dex:       It affects your dexterity (-5).
Missiles
 n - 54 poisoned darts (quivered)
 s - 9 throwing nets
Armour
 b - a +0 scale mail
 c - a +0 buckler
 g - a +0 helmet (worn)
 k - a +0 plate armour
 q - a +0 pair of boots
 y - the +3 hat of Pondering {ponderous, Will+ MP+10 Int+5}
   (You took it off Gastronok on level 8 of the Dungeon)

   Int:       It affects your intelligence (+5).
   MP:        It affects your magic capacity (+10).
   Will:      It increases your willpower.
 C - a +0 kite shield (worn)
 D - the +2 pair of boots "Ahonos" (worn) {rElec Will- Regen+ Dex-3}
   (You found it on level 7 of the Dungeon)

   Dex:       It affects your dexterity (-3).
   rElec:     It insulates you from electricity.
   Regen:     It increases your rate of health regeneration.
   Will:      It decreases your willpower.
 J - a +0 plate armour of cold resistance (worn)
Jewellery
 l - a ring of magical power
 t - an amulet of the acrobat
 v - a ring of willpower (left hand)
 x - a ring of ice
 I - an amulet of regeneration (around neck)
Wands
 d - a wand of digging (5)
 B - a wand of acid (2)
 F - a wand of flame (13)
 H - a wand of paralysis (4)
Scrolls
 e - a scroll of fog
 f - a scroll of teleportation
 h - 2 scrolls of fear
Potions
 j - 2 potions of mutation
 o - a potion of resistance
 p - 2 potions of magic
 u - 4 potions of attraction
 w - a potion of flight {unknown}
 z - a potion of ambrosia
 A - a potion of curing {unknown}
 E - a potion of berserk rage {unknown}


   Skills:
 + Level 11.0 Fighting
 + Level 12.2 Maces & Flails
 + Level 12.1 Armour
 + Level 1.5 Dodging
 + Level 9.2 Shields
 + Level 0.2 Invocations


You had 11 spell levels left.
You didn't know any spells.
Your spell library contained the following spells:

 Spells                   Type           Power      Damage    Failure   Level
 Sting                    Tmut/Pois      0%         1d3       100%        1
 Poisonous Vapours        Pois/Air       0%         N/A       100%        2
 Static Discharge         Conj/Air       0%         N/A       100%        2
 Dazzling Flash           Conj/Hex       0%         N/A       100%        3
 Dispel Undead            Necr           0%         3d6       100%        4
 Olgreb's Toxic Radiance  Pois           0%         N/A       100%        4
 Petrify                  Tmut/Erth      0%         N/A       100%        4
 Sticky Flame             Conj/Fire      0%         2d3       100%        4
 Agony                    Necr           0%         N/A       100%        5
 Irradiate                Conj/Tmut      0%         3d14      100%        5
 Silence                  Hex/Air        0%         N/A       100%        5
 Sublimation of Blood     Necr           Unusable   N/A       N/A         2

Dungeon Overview and Level Annotations

Branches:
Dungeon (10/15)            Temple (1/1) D:5            Lair (0/6) D:10
    Orc (2/2) D:10          Sewer (visited)
    Elf: Orc:2

Altars:
Ashenzari
Cheibriados
Dithmenos
Elyvilon
Fedhas
Gozag
Hepliaklqana
Kikubaaqudgha
Makhleb
Nemelex Xobeh
Okawaru
Qazlal
Ru
Sif Muna
Trog
Uskayaw
Vehumet
Wu Jian
Xom
Yredelemnul
Zin
The Shining One
Beogh

Shops:
D:3 =   D:9 (   Orc:1 *

Annotations:
D:7 1 runed translucent door, Dormantt's ghost, novice DEFE
Orc:1 Snorg
Orc:2 Maurice


Innate Abilities, Weirdness & Mutations

You are immune to sickness and miasma.
Your stone body is resilient. (AC +8)
You are immune to poison.
You resist negative energy. (rN+)
You are resistant to electric shocks. (rElec)
You are resistant to unholy torment.
You are immune to petrification.


Message History

You climb downwards.
Your mindless puppet stays behind to rot.
You hear coins being counted.
An interdimensional caravan has stopped on this level and set up a bazaar.
Hurry and find its entrance before they move on!
Level annotation: Maurice You hear the stately tolling of a very distant bell.
The orc warrior shouts!
An orc priest comes into view. It is wielding a +0 short sword.
The orc wizard gestures wildly while chanting.
The orc wizard flickers and vanishes!
Deactivating autopickup; reactivate with Ctrl-A.
The orc priest looks satisfied for a moment.
The orc warlord roars a battlecry!
The orcs go into a battle-frenzy!
The orc sorcerer casts a spell.
The orc high priest prays to Beogh.
There is a stone staircase leading up here.
The orc warlord hits you with a +2 great mace of protection!!
The orc hits you but does no damage.
The orc wizard points at you and mumbles some strange words.
You easily resist.
The orc priest miscasts a cantrip.
The orc knight roars a battlecry!
The orcs go into a battle-frenzy!
You hear a shout! x2
You climb upwards.
Level annotation: Snorg Reactivating autopickup.
Your troll zombie crumbles into dust!
There is a stone staircase leading down here.
Okay, then.
You hit the orc warlord.
The orc warlord is lightly wounded.
The orc warlord hits you with a +2 great mace of protection!
You hit the orc warlord but do no damage.
The orc warlord is lightly wounded.
You hit the orc warlord but do no damage.
The orc warlord is lightly wounded.
The orc warlord hits you with a +2 great mace of protection!!!
Ouch! That really hurt!
You die...
Your body rises from the dead as a mindless zombie.

## #.# .## ####.####
..## #.#..#.)## ...##
##....)[..## ....##
###......)...##
.<...#
#......#......##
....####
##......#.......##
.......#
###).o....#........##
##....##
#...@[...#####......#
#......#
##.......##.#......##
...##.##
####.............##
...####
#.............## .#.#
##.##........## ####
###......#.## #
##.....### # ##...##
# #####


You could see an orc warlord (strong).

Vanquished Creatures
  A boulder beetle (D:10)
  A two-headed ogre (D:10)
  Pikel (D:3)
  2 orc knights
  A cyclops (Orc:1)
  An orc sorcerer (Orc:1)
  An ugly thing (D:10)
  Joseph (D:8)
  2 kobold demonologists
  Psyche (D:9)
  2 trolls (Orc:1)
  Eustachio (D:5)
  17 yaks
  2 vampire mosquitoes (D:10)
  A steam dragon (D:8)
  Menkaure (D:4)
  2 wargs (Orc:1)
  A water moccasin (D:6)
  Edmund (D:4)
  2 sky beasts (D:6)
  2 necrophages (D:5)
  An ice beast (D:5)
  3 ogres
  2 black bears
  12 orc warriors
  2 phantoms
  4 centaurs
  12 kobold brigands
  3 gnoll sergeants
  A bullfrog (D:7)
  A scorpion (D:5)
  A water moccasin zombie (D:6)
  5 killer bees (D:10)
  12 wights
  3 howler monkeys
  4 centaur zombies
  A bullfrog zombie (D:7)
  A hound (D:5)
  8 orc priests
  4 jellies
  4 gnoll shamans
  A bullfrog skeleton (D:6)
  A centaur skeleton (D:6)
  5 iguanas
  20 orc wizards
  A killer bee zombie (D:8)
  2 hound skeletons (D:4)
  32 gnolls
  2 howler monkey skeletons (D:7)
  5 river rats (Sewer)
  9 adders
  A white imp (D:5)
  An ufetubus (D:4)
  A worm (Sewer)
  A dart slug (D:4)
  42 orcs
  10 endoplasms
  6 giant cockroaches (D:3)
  9 goblins
  4 hobgoblins
  3 jackals (D:3)
  4 quokkas
  9 ball pythons
  A bat (D:2)
  2 frilled lizards (D:1)
  39 kobolds
  9 rats
348 creatures vanquished.

Vanquished Creatures (collateral kills)
  Gastronok (D:8)
  4 yaks
  A vampire mosquito (D:10)
  2 orc warriors (Orc:1)
  2 centaurs
  A bullfrog (D:8)
  A wight (D:9)
  An orc wizard (Orc:1)
  A killer bee zombie (D:8)
  2 gnolls (D:9)
  3 orcs (Orc:1)
  3 goblins
  2 hobgoblins (D:8)
  2 kobolds (D:9)
26 creatures vanquished.

Vanquished Creatures (others)
  A yak zombie (D:9)
  2 centaur zombies
  2 killer bee zombies (D:10)
  2 ogre zombies (Orc:1)
  A howler monkey zombie (D:9)
  13 orc zombies
  2 goblin zombies (D:4)
  9 kobold zombies
32 creatures vanquished.

Grand Total: 406 creatures vanquished

Notes
Turn   | Place    | Note
-------+----------+-------------------------------------------
     0 | D:1      | zeram the Gargoyle Fighter began the quest for the Orb.
     0 | D:1      | Reached XP level 1. HP: 14/14 MP: 1/1
   311 | D:1      | Reached XP level 2. HP: 19/19 MP: 2/2
   388 | D:1      | Found a faded altar of an unknown god.
   787 | D:2      | Reached XP level 3. HP: 24/24 MP: 3/3
  1410 | D:3      | Reached XP level 4. HP: 23/29 MP: 4/4
  1598 | D:3      | Found Opo Xerph's Jewellery Emporium.
  1648 | D:3      | Found a glowing drain.
  1666 | Sewer    | Entered a sewer
  1987 | Sewer    | Noticed a kobold brigand
  1991 | Sewer    | Reached XP level 5. HP: 33/33 MP: 5/5
  2004 | Sewer    | Killed a kobold brigand
  2152 | Sewer    | Noticed a kobold brigand
  2182 | Sewer    | Killed a kobold brigand
  2183 | Sewer    | Reached XP level 6. HP: 16/39 MP: 6/6
  2542 | Sewer    | Reached skill level 5 in Maces & Flails
  2646 | Sewer    | Reached XP level 7. HP: 35/44 MP: 7/7
  2735 | Sewer    | Reached skill level 5 in Armour
  2833 | Sewer    | Reached skill level 5 in Fighting
  3610 | D:4      | Noticed Pikel
  3632 | D:3      | Killed Pikel
  3633 | D:3      | Reached XP level 8. HP: 31/50 MP: 8/8
  4081 | D:4      | You fall into a shaft and drop 3 floors!
  4143 | D:7      | Reached skill level 5 in Shields
  4434 | D:7      | Reached XP level 9. HP: 33/56 MP: 9/9
  4816 | D:7      | Noticed a kobold demonologist
  4836 | D:7      | Noticed a soul eater
  4842 | D:7      | Reached skill level 1 in Dodging
  6434 | D:7      | Noticed a rust devil
  6435 | D:7      | Killed a kobold demonologist
  6532 | D:7      | Identified the +2 pair of boots "Ahonos" {rElec Will-
                  | Regen+ Dex-3}
  6670 | D:7      | Found a runed translucent door.
  7123 | D:7      | Identified the +0 scale mail of the Wary Deaths {rN+ MP+9}
  7319 | D:7      | Noticed Dormantt's ghost (novice DEFE)
  7412 | D:5      | Entered Level 5 of the Dungeon
  7518 | D:5      | Reached XP level 10. HP: 52/64 MP: 10/10
  7579 | D:5      | Noticed Eustachio
  7609 | D:5      | Killed Eustachio
  7764 | D:5      | Found a staircase to the Ecumenical Temple.
  7894 | Temple   | Entered the Ecumenical Temple
  8288 | Temple   | Became a worshipper of Yredelemnul the Dark
  8759 | D:5      | Found a bloodstained altar of Trog.
  8775 | D:5      | Reached * piety under Yredelemnul
  9009 | D:5      | Reached ** piety under Yredelemnul
  9471 | D:4      | Noticed Menkaure
  9477 | D:4      | Killed Menkaure
  9587 | D:4      | Noticed Edmund
  9602 | D:4      | Killed Edmund
 10341 | D:8      | Noticed Gastronok
 10369 | D:8      | Noticed Joseph
 10557 | D:8      | Killed Gastronok
 10558 | D:8      | Reached skill level 10 in Maces & Flails
 10681 | D:8      | Killed Joseph
 10682 | D:8      | Reached XP level 11. HP: 56/71 MP: 11/11
 10950 | D:8      | Reached skill level 10 in Armour
 11079 | D:8      | Reached *** piety under Yredelemnul
 11352 | D:9      | Found Voyv's Antique Weapon Shoppe.
 11716 | D:9      | Noticed Psyche
 11731 | D:9      | Killed Psyche
 11740 | D:9      | Identified the +3 spear of Trial by Ordeal {flame, rC+}
 12189 | D:9      | Reached **** piety under Yredelemnul
 12198 | D:9      | Reached ***** piety under Yredelemnul
 12815 | D:9      | Reached ****** piety under Yredelemnul
 13005 | D:9      | Bought an iridescent war axe for 289 gold pieces
 13005 | D:9      | Identified the +3 war axe of Doic {flame, Int+7 Dex-5} (You
                  | bought it in a shop on level 9 of the Dungeon)
 13010 | D:10     | Entered Level 10 of the Dungeon
 13127 | D:10     | Reached skill level 10 in Fighting
 13129 | D:10     | Noticed a two-headed ogre
 13140 | D:10     | Killed a two-headed ogre
 13158 | D:10     | Noticed a boulder beetle
 13245 | D:10     | Killed a boulder beetle
 13321 | D:10     | Found a staircase to the Lair.
 13477 | D:10     | Reached XP level 12. HP: 78/78 MP: 12/12
 13538 | D:10     | Found a staircase to the Orcish Mines.
 13595 | D:10     | Found a blossoming altar of Fedhas.
 13955 | Orc:1    | Entered Level 1 of the Orcish Mines
 14237 | Orc:1    | Found Kifo's Assorted Antiques.
 14393 | Orc:1    | Paralysed by an orc sorcerer for 7 turns
 14602 | Orc:2    | Entered Level 2 of the Orcish Mines
 14608 | Orc:2    | Noticed Maurice
 14829 | Orc:2    | Noticed Snorg
 15080 | Orc:2    | Noticed an orc high priest
 15217 | Orc:2    | Noticed an orc warlord
 15217 | Orc:2    | Noticed an orc high priest
 15353 | Orc:1    | Mangled by an orc warlord

Illustrated notes

Levels and vault maps discovered:
D:1:      dpeg_arrival_radiant, layout_loops_cross,
          chequers_ecumenical_altar_simple
D:2:      layout_basic, serial_bayou_crossing
D:3:      layout_loops_ring, serial_shops, shop, gup_sewer_entry_pipe
D:4:      layout_loops_ring, kennysheep_generic_room_9, uniq_edmund, uniq_pikel,
          uniq_menkaure
D:5:      layout_basic, trog_hazing_becter, minmay_temple_entry_mist,
          minmay_misc_feat_enclosed, st_stairs_11, uniq_eustachio
D:6:      layout_basic, eino_curves_03
D:7:      layout_basic, serial_corexii_hall, corexii_hall_statues_l,
          corexii_hall_statues_s, ebering_ghost_reflecting_pool
D:8:      minmay_chambers_of_fours, layout_rooms, enter_bailey_4,
          minmay_misc_feat_columns, uniq_joseph, uniq_gastronok
D:9:      layout_basic, serial_shops, nicolae_shop_advertising_works
          [nicolae_subvault_shop_adworks], uniq_psyche
D:10:     minmay_curly_fans, layout_basic,
          mainiacjoe_overflow_concentric_impassable, lair_entry_dummy
Temple:   mainiacjoe_temple_cubbyholes
Orc:1:    layout_diamond_mine, serial_shops, nicolae_shop_hallway_plus,
          basic_altar
Orc:2:    st_orc_congregation, layout_caves, ebering_ghost_inner_flame,
          serial_shops, bzr_in_the_mist, library_closet, uniq_maurice,
          uniq_azrael, uniq_jorgrun, uniq_snorg

Skill      XL: |  1  2  3  4  5  6  7  8  9 10 11 12 |
---------------+-------------------------------------+-----
Fighting       | 4 5 6 7 9 10 11 | 11.0
Armour         | 4 5 6 8 9 11 12 | 12.1
Maces & Flails | 3 4 5 6 7 9 10 11 12 | 12.2
Shields        | 4 5 7 8 9 |  9.2
Dodging        | 1 |  1.5
Invocations    | |  0.2

Action                   |  1- 3 |  4- 6 |  7- 9 | 10-12 || total
-------------------------+-------+-------+-------+-------++-------
Melee: Flail             |    80 |   110 |       |       ||   190
       Whip              |       |    73 |   629 |  1214 ||  1916
Invok: Dark Bargain      |       |       |       |     1 ||     1
  Use: Scroll            |     6 |       |     7 |     9 ||    22
       Potion            |       |       |     2 |     4 ||     6
 Stab: Distracted        |       |       |       |     1 ||     1
Armor: Scale mail        |    43 |     1 |       |       ||    44
       Plate armour      |       |    97 |   391 |   672 ||  1160
Dodge: Dodged            |    33 |    28 |   162 |   306 ||   529
Block: Buckler           |    14 |    25 |   121 |   136 ||   296
       Kite shield       |       |       |       |   246 ||   246
